 Dungeon Crawl Stone Soup version 0.25-a0-458-g6fc7858b95 (webtiles) character file.

Game seed: 15385762932733891463, levelgen mode: deterministic

581 Nattfarinn the Digger (level 7, -3/44 HPs)
             Began as a Gargoyle Earth Elementalist on Feb 2, 2020.
             Killed by divine providence
             ... invoked by an orc priest
              (9 damage)
             ... on level 4 of the Dungeon.
             The game lasted 00:10:18 (4790 turns).

Nattfarinn the Digger (Gargoyle Earth Elementalist) Turns: 4790, Time: 00:10:20

Health: -3/44      AC:  9    Str: 13    XL:     7   Next: 36%
Magic:  10/10      EV: 10    Int: 16    God:
Gold:   224        SH:  5    Dex: 10    Spells: 6/10 levels left

rFire    . . .     SeeInvis .   t - +0 whip
rCold    . . .     Gourm    .   s - +2 buckler
rNeg     + . .     Faith    .   n - +0 leather armour
rPois    ∞         Spirit   .   (no helmet)
rElec    +         Reflect  .   a - +0 cloak
rCorr    .         Harm     .   (no gloves)
MR       .....                  (no boots)
Stlth    ++........             q - amulet of regeneration
HPRegen  0.54/turn              (no ring)
MPRegen  0.12/turn              (no ring)

@: no status effects
A: negative energy resistance 1, electricity resistance, unbreathing,
petrification resistance, rot immunity, AC +4
a: no special abilities


You were on level 4 of the Dungeon.
You were not hungry.

You visited 1 branch of the dungeon, and saw 4 of its levels.

You collected 224 gold pieces.

Inventory:

Hand Weapons
 h - a +0 club
 t - a +0 whip (weapon)
Missiles
 b - 111 stones (quivered)
Armour
 a - a +0 cloak (worn)
 c - a +0 robe
 j - a +0 ring mail
 n - a +0 leather armour (worn)
 s - a +2 buckler (worn)
Jewellery
 q - an amulet of regeneration (around neck)
 w - an uncursed ring of protection from cold {unknown}
Wands
 u - a wand of random effects (8)
 x - a wand of disintegration (18)
Scrolls
 i - 2 scrolls of immolation {unknown}
 k - a scroll of remove curse
 l - a scroll of blinking {unknown}
 o - 4 scrolls of teleportation {unknown}
 p - a scroll of identify {unknown}
 r - 2 scrolls of enchant armour {unknown}
Potions
 e - a potion of heal wounds {unknown}
 f - a potion of curing {unknown}
 g - a potion of agility {unknown}
 m - a potion of brilliance {unknown}
 z - a potion of flight
Comestibles
 d - 6 rations
 B - 3 chunks of flesh


   Skills:
 * Level 4.5 Fighting
 + Level 3.1 Armour
 - Level 1.5 Dodging
 - Level 2.1 Stealth
 - Level 2.2 Spellcasting
 + Level 2.8 Conjurations
   Level 0.7 Transmutations
 * Level 6.4 Earth Magic


You had 6 spell levels left.
You knew the following spells:

 Your Spells              Type           Power        Failure   Level  Hunger
a - Sandblast             Erth           ###...       3%          1    #......
b - Stone Arrow           Conj/Erth      ###...       19%         3    ###....

Your spell library contained the following spells:

 Spells                   Type           Power        Failure   Level  Hunger
 Passwall                 Tmut/Erth      ##......     16%         2    ###....
 Lee's Rapid Deconstruct  Erth           ###.......   63%         5    ######.
 Petrify                  Tmut/Erth      ##......     69%         4    #####..


Dungeon Overview and Level Annotations

Branches:
Dungeon (4/15)
 Temple: D:4-7

Altars:
Dithmenos
Qazlal
Uskayaw
Xom
Yredelemnul


Innate Abilities, Weirdness & Mutations

You are resistant to torment.
Your stone body is resilient. (AC +4)
You are immune to poison.
You resist negative energy. (rN+)
You are resistant to electric shocks. (rElec)
You can survive without breathing.
You are immune to petrification.
You are immune to rotting.


Message History

You hit the orc wizard but do no damage.
The orc wizard is lightly wounded.
You block the orc wizard's attack.
The orc priest invokes the aid of Beogh against you.
Beogh smites you!
* * * LOW HITPOINT WARNING * * *
The orc priest calls upon Beogh to heal the orc wizard.
The orc wizard's wounds heal themselves!
Okay, then.
It was a potion of magic.
Magic courses through your body.
The orc wizard hits you with a +0 dagger.
* * * LOW HITPOINT WARNING * * *
It was a potion of cancellation.
Your magical effects are unravelling.
You feel magically purged.
You float gracefully downwards.
The orc wizard hits you with a +0 dagger.
* * * LOW HITPOINT WARNING * * *
The orc priest calls down the wrath of Beogh upon you.
Beogh smites you!
You die...

##...##
#...#
##...##
#8...8#
##...##
#....#
#.####
#.# #@#
#o# #o#
...a..oo#
...o....#
#.o.###.#
##o #..
#. #.. #
...


You could see an orc priest, an orc wizard and 2 orcs.

Vanquished Creatures
  Grinder (D:3)
  Sigmund (D:3)
  A phantom (D:3)
  Terence (D:2)
  4 adders
  A worm (D:3)
  3 dart slugs
  2 leopard geckos (D:3)
  5 orcs
  6 giant cockroaches
  7 goblins
  6 hobgoblins
  5 jackals
  3 quokkas (D:2)
  2 ball pythons
  10 bats
  6 frilled lizards
  5 kobolds
  7 rats
76 creatures vanquished.

Vanquished Creatures (others)
  An ogre (D:4)
1 creature vanquished.

Grand Total: 77 creatures vanquished

Notes
Turn   | Place    | Note
-------+----------+-------------------------------------------
     0 | D:1      | Nattfarinn the Gargoyle Earth Elementalist began the quest
                  | for the Orb.
     0 | D:1      | Reached XP level 1. HP: 10/10 MP: 3/3
   105 | D:1      | Reached XP level 2. HP: 11/16 MP: 0/5
   193 | D:1      | Reached skill level 1 in Fighting
   250 | D:1      | Reached skill level 4 in Earth Magic
   712 | D:1      | Reached XP level 3. HP: 10/20 MP: 3/6
   713 | D:1      | Reached skill level 1 in Armour
  1369 | D:2      | Noticed Terence
  1491 | D:1      | Learned a level 3 spell: Stone Arrow
  1824 | D:2      | Killed Terence
  1824 | D:2      | Reached XP level 4. HP: 2/26 MP: 0/7
  2899 | D:2      | Found a stormy altar of Qazlal.
  3345 | D:3      | Reached skill level 1 in Conjurations
  3415 | D:3      | Noticed a phantom
  3422 | D:3      | Noticed Grinder
  3670 | D:3      | Killed a phantom
  3670 | D:3      | Reached skill level 5 in Earth Magic
  3670 | D:3      | Reached XP level 5. HP: 20/32 MP: 0/8
  3798 | D:3      | Killed Grinder
  3798 | D:3      | Reached skill level 6 in Earth Magic
  3798 | D:3      | Reached XP level 6. HP: 30/38 MP: 9/9
  3858 | D:3      | Noticed Sigmund
  3902 | D:3      | Killed Sigmund
  3902 | D:3      | Reached XP level 7. HP: 44/44 MP: 10/10
  3978 | D:3      | Found a basalt altar of Yredelemnul.
  4128 | D:3      | Found a shimmering altar of Xom.
  4235 | D:3      | Found a hide-covered altar of Uskayaw.
  4363 | D:3      | Found a shadowy altar of Dithmenos.
  4790 | D:4      | Killed from afar by an orc priest

Levels and vault maps discovered:
D:1:      dpeg_arrival_tiny_i, layout_loops_corners, chequers_garden,
          st_stairs_4
D:2:      layout_loops_corners, marbit_many_paths, kennysheep_doodads,
          chequers_mini_garden, uniq_terence
D:3:      layout_basic, grunt_dithmenos_smoke, nicolae_overflow_crystal_walls,
          tgw_xom, overflow_temple_1_default, first_ration,
          minmay_crystal_water, minmay_cut_off, uniq_sigmund, uniq_grinder
D:4:      layout_loops_ring, serial_shops, nicolae_shop_stone,
          corexii_hall_statues_l, lemuel_flame_loot_1

Skill      XL: |  1  2  3  4  5  6 |
---------------+-------------------+-----
Fighting       | 1 2 3 4 |  4.5
Earth Magic    | 4 5 6 |  6.4
Armour         | 1 2 3 |  3.1
Conjurations   | 1 2 |  2.8
Dodging        | |  1.5
Stealth        | |  2.1
Spellcasting   | |  2.2
Transmutations | |  0.7

Action                   |  1- 3 |  4- 6 |  7- 9 || total
-------------------------+-------+-------+-------++-------
Melee: Unarmed           |    64 |       |       ||    64
       Club              |    36 |   158 |       ||   194
       Whip              |       |    73 |   100 ||   173
 Cast: Sandblast         |    42 |    17 |       ||    59
       Stone Arrow       |     1 |     4 |       ||     5
Evoke: Wand              |       |    15 |       ||    15
  Use: Scroll            |     3 |     1 |       ||     4
       Potion            |     1 |       |     3 ||     4
 Stab: Sleeping          |       |     1 |     1 ||     2
  Eat: Chunk             |     2 |     9 |     4 ||    15
Armor: Robe              |    55 |    20 |       ||    75
       Leather armour    |       |   114 |    54 ||   168
Dodge: Dodged            |    94 |   169 |    52 ||   315
Block: Buckler           |       |    42 |    19 ||    61

Table legend:
 A = Non-vault XP
 B = Vault XP
 C = Vault XP percentage of total XP
 D = Non-vault monster count
 E = Vault monster count
 F = Vault count percentage of total count
                 A         B        C        D         E       F
            +---------+---------+-------+---------+---------+-------
      Total |     293 |     538 |  64.7 |      67 |       9 |  11.8
            +---------+---------+-------+---------+---------+-------
        D:1 |      59 |       2 |   3.3 |      28 |       2 |   6.7
        D:2 |      43 |      34 |  44.2 |      18 |       2 |  10.0
        D:3 |     189 |     502 |  72.6 |      19 |       5 |  20.8
        D:4 |       2 |       0 |   0.0 |       2 |       0 |   0.0
            +---------+---------+-------+---------+---------+-------
